 Dungeon Crawl Stone Soup version 0.17.0-9-g801d43b (console) character file.

3 gw the Poker (level 1, -1/17 HPs)
             Began as a Demigod Gladiator on Nov 9, 2015.
             Slain by a rat (3 damage)
             ... on level 1 of the Dungeon.
             The game lasted 00:00:13 (77 turns).

gw the Poker (Demigod Gladiator)                      Turns: 77, Time: 00:00:13

Health: -1/17      AC:  4    Str: 18    XL:     1   Next: 33%
Magic:  3/3        EV: 13    Int: 12    God:
Gold:   16         SH:  0    Dex: 16    Spells: 0 memorised, 0 levels left

rFire  . . .     SeeInvis .     a - +0 trident
rCold  . . .     Clarity  .     b - +0 leather armour
rNeg   . . .     SustAt   +     (no shield)
rPois  .         Gourm    .     c - +0 helmet
rElec  .         Spirit   .     (no cloak)
rCorr  .         Warding  .     (no gloves)
rMut   .         Stasis   .     (no boots)
MR     .....                    (no amulet)
Stlth  +.........               (no ring)
                                (no ring)

@: not resistant to hostile enchantments, very unstealthy
A: high mp 1, sustain attributes
a: no special abilities


You were on level 1 of the Dungeon.
You were not hungry.

You visited 1 branch of the dungeon, and saw 1 of its levels.

You collected 16 gold pieces.

Inventory:

Hand Weapons
 a - a +0 trident (weapon)
Missiles
 d - 3 throwing nets
 f - 13 arrows
Armour
 b - a +0 leather armour (worn)
 c - a +0 helmet (worn)
Comestibles
 e - a bread ration


   Skills:
 + Level 1.7 Fighting
 * Level 2.8 Polearms
 - Level 1.7 Throwing
 + Level 0.3 Armour
 - Level 2.6 Dodging


You couldn't memorise any spells.
You didn't know any spells.

Dungeon Overview and Level Annotations

Branches:
Dungeon (1/15)


Innate Abilities, Weirdness & Mutations

You have an increased reservoir of magic (+10% MP).
Your attributes are resistant to harm.


Message History

The goblin misses you. The goblin barely misses you.
The kobold hits you with a short sword.
Unknown command.
Unknown command.
Unknown command.
Unknown command.
ATTACKING (-1,-1)
You barely miss the kobold. The bat closely misses you. The rat misses you.
The goblin hits you but does no damage. x2
The kobold barely misses you.
Unknown command.
Unknown command.
Unknown command.
Unknown command.
ATTACKING (-1,-1)
You barely miss the kobold. The bat misses you. The rat barely misses you.
The bat hits you but does no damage. The goblin misses you.
The goblin hits you but does no damage. The kobold hits you but does no damage.
The rat bites you.
You die...

....###...###.#.
...# ....#
##......#. #...#
.##......##..##.
...# .
......##....## ....
....#.#..##..#
....#...# ##.## ...
##..####..## ..
....!....Kg#####.##
..........rpb.......
..........##g..)....
.......###.......
.......# .......
.##..... .....##
###.. ....## ....#
.####


You could see 2 goblins, a bat, a kobold and a rat.

Table legend:
 A = Turns spent in this place as a percentage of turns spent in the entire game.
 B = Non-inter-level travel turns spent in this place as a percentage of non-inter-level travel turns spent in the entire game.
 C = Inter-level travel turns spent in this place as a percentage of turns spent in this place.
 D = Turns resting spent in this place as a percentage of non-inter-level travel turns spent in this place.
 E = Turns spent auto-exploring this place as a percentage of non-inter-level travel turns spent in this place.
 F = Non-inter-level travel turns spent in this place divided by the number of levels of this place that you've seen.
                   A       B       C       D       E      F
               +-------+-------+-------+-------+-------+----------------------
         Total | 100.0 | 100.0 |   0.0 |   0.0 |   2.1 | 286.0
       Dungeon | 100.0 | 100.0 |   0.0 |   0.0 |   2.1 | 286.0
               +-------+-------+-------+-------+-------+----------------------

Table legend:
 A = Kills in this place as a percentage of kills in entire the game.
 B = Kills by you in this place as a percentage of kills by you in the entire game.
 C = Kills by friends in this place as a percentage of kills by friends in the entire game.
 D = Other kills in this place as a percentage of other kills in the entire game.
 E = Experience gained in this place as a percentage of experience gained in the entire game.
 F = Experience gained in this place divided by the number of levels of this place that you have seen.
                   A       B       C       D       E      F
               +-------+-------+-------+-------+-------+----------------------
         Total | 100.0 | 100.0 |  -nan |  -nan | 100.0 |   5.0
       Dungeon | 100.0 | 100.0 |  -nan |  -nan | 100.0 |   5.0
               +-------+-------+-------+-------+-------+----------------------

Vanquished Creatures
  A bat (D:1)
  A giant cockroach (D:1)
  A giant newt (D:1)
3 creatures vanquished.

Notes
Turn   | Place    | Note
--------------------------------------------------------------
     0 | D:1      | gw the Demigod Gladiator began the quest for the Orb.
     0 | D:1      | Reached XP level 1. HP: 17/17 MP: 3/3
    27 | D:1      | Found a sparkling altar of Nemelex Xobeh.
    77 | D:1      | Slain by a rat

Action                   || total
-------------------------++-------
Melee: Trident           ||    14

Vault maps used:
D:1:      dpeg_arrival_round_c, nemelex_deck
